 Dungeon Crawl Stone Soup version 0.26-a0-720-g2a1d101370 (webtiles) character file.

Game seed: 9283551129794540330

4363 robertstho the Magician (level 10, -2/74 HPs)
             Began as a Gnoll Air Elementalist on Nov 3, 2020.
             Was a Follower of Sif Muna.
             Slain by a cyclops (23 damage)
             ... on level 7 of the Dungeon.
             The game lasted 00:19:25 (10298 turns).

robertstho the Magician (Gnoll Air Elementalist)   Turns: 10298, Time: 00:19:26

Health: -2/74      AC:  3    Str: 11    XL:     10   Next: 34%
Magic:  11/20      EV: 18    Int: 20    God:    Sif Muna [*.....]
Gold:   77         SH:  0    Dex: 22    Spells: 8/23 levels left

rFire    x . .     SeeInvis .   z - staff of air (curse)
rCold    + . .     Faith    .   (no shield)
rNeg     + . .     Spirit   .   a - +0 robe
rPois    +         Reflect  .   (no helmet)
rElec    +         Harm     .   h - +0 cloak
rCorr    .         Rampage  .   (no gloves)
MR       .....                  (no boots)
Stlth    ++++......             (no amulet)
HPRegen  0.22/turn              e - ring of poison resistance
MPRegen  0.17/turn              p - ring "Zoukhy" {Ice *Contam rN+ Dex+6}

@: very slightly contaminated, lightly drained, invisible
A: distributed training, fangs 1, strong nose
a: Channel Magic, Renounce Religion


You were on level 7 of the Dungeon.
You worshipped Sif Muna.
Sif Muna was aware of your devotion.
You visited 1 branch of the dungeon, and saw 7 of its levels.

You collected 305 gold pieces.
You spent 228 gold pieces at shops.

Inventory:

Hand Weapons
 i - a +2 quarterstaff of chaos
 s - a +1 dagger of venom
Armour
 a - a +0 robe (worn)
 b - a +2 kite shield of protection
 h - a +0 cloak (worn)
Magical Staves
 z - a cursed staff of air (weapon)
Jewellery
 e - a ring of poison resistance (left hand)
 n - a +6 ring of dexterity
 p - the ring "Zoukhy" (right hand) {Ice *Contam rN+ Dex+6}
   (You took it off an orc on level 7 of the Dungeon)

   [ring of ice]

   It enhances your ice magic.
   It affects your dexterity (+6).
   It makes you vulnerable to fire.
   It protects you from cold.
   It protects you from negative energy.
   It causes magical contamination when unequipped.
 x - a +6 ring of dexterity
Wands
 j - a wand of flame (42)
 r - a wand of polymorph (9)
 u - a wand of random effects (10)
Scrolls
 d - a scroll of magic mapping {unknown}
 f - a scroll of immolation
 g - 4 scrolls of remove curse {unknown}
 k - 4 scrolls of teleportation {unknown}
 l - 2 scrolls of noise {unknown}
 m - a scroll of blinking {unknown}
 q - a scroll of enchant armour {unknown}
 v - a scroll of random uselessness {unknown}
 w - a scroll of fog
 y - a scroll of enchant weapon {unknown}
Potions
 t - 3 potions of flight
Miscellaneous
 A - a condenser vane (2/2)


   Skills:
 + Level 5.2(4.8) Fighting
 + Level 5.2(4.8) Short Blades
 + Level 5.2(4.8) Long Blades
 + Level 5.2(4.8) Axes
 + Level 5.2(4.8) Maces & Flails
 + Level 5.2(4.8) Polearms
 + Level 5.2(4.8) Staves
 + Level 5.2(4.8) Slings
 + Level 5.2(4.8) Bows
 + Level 5.2(4.8) Crossbows
 + Level 5.2(4.8) Throwing
 + Level 5.2(4.8) Armour
 + Level 7.0(6.7) Dodging
 + Level 6.7(6.4) Stealth
 + Level 5.2(4.8) Shields
 + Level 5.2(4.8) Unarmed Combat
 + Level 7.3(6.9) Spellcasting
 + Level 4.8(4.5) Conjurations
 + Level 4.3(3.9) Hexes
 + Level 4.3(3.9) Summonings
 + Level 4.3(3.9) Necromancy
 + Level 4.3(3.9) Translocations
 + Level 4.3(3.9) Transmutations
 + Level 4.3(3.9) Fire Magic
 + Level 4.3(3.9) Ice Magic
 + Level 7.0(6.7) Air Magic
 + Level 4.3(3.9) Earth Magic
 + Level 4.3(3.9) Poison Magic
 + Level 5.7(5.4) Invocations
 + Level 5.2(4.8) Evocations


You had 8 spell levels left.
You knew the following spells:

 Your Spells              Type           Power        Failure   Level
a - Shock                 Conj/Air       ####         1%          1
b - Swiftness             Air            ######..     1%          2
c - Static Discharge      Conj/Air       #####...     2%          3
d - Airstrike             Air            ######....   6%          4
e - Lightning Bolt        Conj/Air       #####.....   26%         5

Your spell library contained the following spells:

 Spells                   Type           Power        Failure   Level
 Animate Skeleton         Necr           ###...       1%          1
 Pain                     Necr           ###.         1%          1
 Corpse Rot               Necr/Air       N/A          1%          2
 Poisonous Vapours        Pois/Air       #####.       1%          2
 Sublimation of Blood     Necr           ###.......   2%          2
 Vampiric Draining        Necr           ###.......   5%          3
 Animate Dead             Necr           ###.......   19%         4
 Agony                    Necr           ###.....     45%         5
 Borgnjor's Vile Clutch   Necr/Erth      ###.......   45%         5


Dungeon Overview and Level Annotations

Branches:
Dungeon (7/15)
 Temple: D:4-7

Altars:
Ashenzari
Dithmenos
Elyvilon
Fedhas
Makhleb
Qazlal
Ru
Sif Muna
Uskayaw
Wu Jian
Zin

Shops:
D:7 [


Innate Abilities, Weirdness & Mutations

Your experience applies equally to all skills.
You have very sharp teeth.
Your uncanny sense of smell can sniff out nearby items.


Message History

The centaur skeleton is struck by an arc of lightning!
You destroy the centaur skeleton!
Sif Muna accepts your kill. You resist.
You are struck by an arc of lightning.
The cyclops throws a large rock.
The large rock hits you!!
You see here a large rock.
Casting: Static Discharge (mildly dangerous; 2% risk of failure)
Confirm with . or Enter, or press ? or * to list all spells.
You feel a surge of power!
The cyclops is struck by an arc of lightning.
The cyclops is lightly wounded.
You resist.
You are struck by an arc of lightning.
The cyclops is struck by an arc of lightning.
The cyclops is lightly wounded.
The lightning grounds out.
The cyclops hits you!!
* * * LOW HITPOINT WARNING * * *
You fade into invisibility!
You are very lightly contaminated with residual magic.
You feel better. The cyclops hits you!!
You die...

....).....##########
....................
####...†...........[
##........#####'#####
#.....#####♣....♣.♣. ....###
#..C♣....♣# ...##
#.....♣...# ..##
####♣♣..♣C...##### ..#
#.......♣⌠@.......# .##
##..# #♣....♣(..###. .# #..#
#.♣.....♣.# .# #.##
#...♣.....# .# #.#
#♣♣......♣# #####.#####
###'#### ### #.....÷...#
#.#.## .... #.#.#.#)#.#
#.###.## ...#
#..#.#.#..##.##.##.####...##


You could see a cyclops.

Vanquished Creatures
  Pikel (D:5)
  An eye of devastation (shapeshifter) (D:7)
  Eustachio (D:6)
  Menkaure (D:5)
  A water moccasin (D:7)
  Duvessa (D:6)
  4 ice beasts
  2 phantoms
  An orc warrior (D:7)
  2 sky beasts
  5 ogres
  A centaur (D:5)
  A big kobold (D:7)
  A bullfrog (D:7)
  Dowan (D:6)
  3 scorpions
  A water moccasin skeleton (D:4)
  A killer bee (D:7)
  4 wights (D:7)
  3 howler monkeys (D:4)
  A centaur zombie (D:7)
  A quasit (D:7)
  A jelly (D:7)
  2 hounds (D:5)
  Crazy Yiuf (D:2)
  5 bullfrog skeletons
  3 centaur skeletons
  3 iguanas
  4 orc wizards
  10 worker ants
  Robin (D:4)
  A worker ant zombie (D:7)
  4 gnolls (D:2)
  2 howler monkey skeletons
  6 adders
  A shadow imp (D:6)
  A worker ant simulacrum (D:7)
  2 ufetubi
  An ooze (D:7)
  A worm (D:2)
  2 dart slugs (D:4)
  8 leopard geckos
  23 orcs
  4 ball pythons
  6 giant cockroaches
  21 goblins
  6 hobgoblins
  5 jackals
  4 quokkas
  9 bats
  4 frilled lizards
  11 kobolds
  A quokka zombie (D:5)
  3 rats
194 creatures vanquished.

Vanquished Creatures (others)
  31 plants
31 creatures vanquished.

Grand Total: 225 creatures vanquished

Notes
Turn   | Place    | Note
-------+----------+-------------------------------------------
     0 | D:1      | robertstho the Gnoll Air Elementalist began the quest for
                  | the Orb.
     0 | D:1      | Reached XP level 1. HP: 13/13 MP: 6/6
   117 | D:1      | Reached XP level 2. HP: 19/19 MP: 3/7
   918 | D:2      | Reached XP level 3. HP: 25/25 MP: 9/9
   927 | D:2      | Reached skill level 5 in Spellcasting
   995 | D:2      | Found an ornate altar of the Wu Jian Council.
  1056 | D:2      | Reached skill level 1 in Invocations
  1066 | D:2      | Reached skill level 1 in Fighting
  1066 | D:2      | Reached skill level 1 in Short Blades
  1066 | D:2      | Reached skill level 1 in Long Blades
  1066 | D:2      | Reached skill level 1 in Axes
  1066 | D:2      | Reached skill level 1 in Maces & Flails
  1066 | D:2      | Reached skill level 1 in Polearms
  1066 | D:2      | Reached skill level 1 in Staves
  1066 | D:2      | Reached skill level 1 in Slings
  1066 | D:2      | Reached skill level 1 in Bows
  1066 | D:2      | Reached skill level 1 in Crossbows
  1066 | D:2      | Reached skill level 1 in Throwing
  1066 | D:2      | Reached skill level 1 in Armour
  1066 | D:2      | Reached skill level 1 in Shields
  1066 | D:2      | Reached skill level 1 in Unarmed Combat
  1066 | D:2      | Reached skill level 1 in Evocations
  1072 | D:2      | Reached XP level 4. HP: 16/32 MP: 2/11
  1461 | D:2      | Found a runed translucent door.
  1462 | D:2      | Noticed Crazy Yiuf
  1772 | D:2      | Found a faded altar of an unknown god.
  1779 | D:2      | Reached skill level 1 in Hexes
  1779 | D:2      | Reached skill level 1 in Summonings
  1779 | D:2      | Reached skill level 1 in Necromancy
  1779 | D:2      | Reached skill level 1 in Translocations
  1779 | D:2      | Reached skill level 1 in Transmutations
  1779 | D:2      | Reached skill level 1 in Fire Magic
  1779 | D:2      | Reached skill level 1 in Ice Magic
  1779 | D:2      | Reached skill level 1 in Earth Magic
  1779 | D:2      | Reached skill level 1 in Poison Magic
  1783 | D:2      | Learned a level 2 spell: Swiftness
  1787 | D:2      | Learned a level 3 spell: Static Discharge
  1792 | D:2      | Learned a level 4 spell: Airstrike
  1990 | D:2      | Killed Crazy Yiuf
  1990 | D:2      | Reached XP level 5. HP: 16/37 MP: 0/12
  2350 | D:3      | Found a shadowy altar of Dithmenos.
  2593 | D:3      | Found a stormy altar of Qazlal.
  3075 | D:3      | Found a glowing silver altar of Zin.
  3567 | D:4      | Reached XP level 6. HP: 44/44 MP: 6/13
  3707 | D:4      | Reached skill level 5 in Dodging
  3813 | D:4      | Learned a level 5 spell: Lightning Bolt
  4020 | D:4      | Reached XP level 7. HP: 31/50 MP: 2/15
  4387 | D:4      | Noticed Robin
  4392 | D:4      | Killed Robin
  4536 | D:4      | Reached skill level 5 in Stealth
  4750 | D:5      | Entered Level 5 of the Dungeon
  5056 | D:5      | Found a white marble altar of Elyvilon.
  5173 | D:5      | Reached XP level 8. HP: 57/57 MP: 3/16
  5351 | D:5      | Noticed Menkaure
  5354 | D:5      | Killed Menkaure
  5491 | D:5      | Found a burning altar of Makhleb.
  5535 | D:5      | Found a hide-covered altar of Uskayaw.
  5746 | D:5      | Found a broken altar of Ashenzari.
  6020 | D:5      | Found a sacrificial altar of Ru.
  6048 | D:6      | Noticed Pikel
  6061 | D:5      | Killed Pikel
  6061 | D:5      | Reached XP level 9. HP: 17/65 MP: 0/18
  6671 | D:6      | Noticed Eustachio
  6674 | D:6      | Killed Eustachio
  7036 | D:6      | Found a shimmering blue altar of Sif Muna.
  7098 | D:6      | Became a worshipper of Sif Muna the Loreminder
  7489 | D:6      | Found a blossoming altar of Fedhas.
  7707 | D:6      | Noticed Dowan
  7708 | D:6      | Noticed Duvessa
  7850 | D:6      | Killed Duvessa
  7857 | D:6      | Killed Dowan
  8230 | D:7      | Reached skill level 5 in Invocations
  8265 | D:7      | Noticed a cyclops
  8463 | D:7      | Reached * piety under Sif Muna
  8689 | D:7      | Found Loidub's Antique Armour Shoppe.
  8719 | D:7      | Reached XP level 10. HP: 28/73 MP: 7/20
  8764 | D:7      | Noticed a harpy
  8986 | D:7      | Identified the ring "Zoukhy" {Ice *Contam rN+ Dex+6}
  9037 | D:7      | Noticed an eye of devastation
  9049 | D:7      | Killed an eye of devastation
  9049 | D:7      | Reached skill level 5 in Fighting
  9049 | D:7      | Reached skill level 5 in Short Blades
  9049 | D:7      | Reached skill level 5 in Long Blades
  9049 | D:7      | Reached skill level 5 in Axes
  9049 | D:7      | Reached skill level 5 in Maces & Flails
  9049 | D:7      | Reached skill level 5 in Polearms
  9049 | D:7      | Reached skill level 5 in Staves
  9049 | D:7      | Reached skill level 5 in Slings
  9049 | D:7      | Reached skill level 5 in Bows
  9049 | D:7      | Reached skill level 5 in Crossbows
  9049 | D:7      | Reached skill level 5 in Throwing
  9049 | D:7      | Reached skill level 5 in Armour
  9049 | D:7      | Reached skill level 5 in Shields
  9049 | D:7      | Reached skill level 5 in Unarmed Combat
  9049 | D:7      | Reached skill level 5 in Evocations
  9197 | D:7      | Bought a pair of ancient gloves for 228 gold pieces
  9202 | D:7      | Identified the +0 pair of gloves of the Kraken {-Tele MR+
                  | Stlth+} (You bought it in a shop on level 7 of the Dungeon)
 10246 | D:7      | Got a heavily runed cloak
 10256 | D:7      | Identified the +0 cloak of Fipuhy {Harm Str+2 Stlth+} (You
                  | found it on level 7 of the Dungeon)
 10271 | D:7      | Identified the Compendium of Gliding Darkness
 10298 | D:7      | Slain by a cyclops

Illustrated notes

Levels and vault maps discovered:
D:1:      dpeg_arrival_rooms_a, layout_rooms
D:2:      layout_basic, lemuel_doored_altar, chequers_ecumenical_altar_lobes,
          uniq_crazy_yiuf_cottage
D:3:      layout_basic, grunt_qazlal_clouds, nicolae_dithmenos_shadow_blocks,
          lemuel_round_altar, grunt_ministairs_7
D:4:      layout_rooms, uniq_robin
D:5:      layout_basic, bloody_makhleb, nicolae_ru_path_of_blood,
          eat_drink_and_be_merry_uskayaw, kennysheep_mini_moat,
          elyvilon_altar_5, minmay_bent, uniq_menkaure
D:6:      layout_rooms, led_sif_pool, fedhas_ov_isle_minmay, uniq_eustachio,
          uniq_duvessa, uniq_pikel
D:7:      minmay_the_grid_plus_closed [minmay_the_grid_gridbox,
          minmay_the_grid_tiny_cups, minmay_the_grid_garden,
          minmay_the_grid_eight, minmay_the_grid_prize_diamond_cup],
          layout_basic, minmay_temple_entry_gardened_gates, serial_shops,
          nicolae_shop_waterfront, shop, nicolae_shop_crystal

Skill      XL: |  1  2  3  4  5  6  7  8  9 10 |
---------------+-------------------------------+-----
Conjurations   | 2 3 4 |  4.8
Spellcasting   | 5 6 7 |  7.3
Invocations    | 1 2 3 4 5 |  5.7
Fighting       | 1 2 3 4 5 |  5.2
Short Blades   | 1 2 3 4 5 |  5.2
Long Blades    | 1 2 3 4 5 |  5.2
Axes           | 1 2 3 4 5 |  5.2
Maces & Flails | 1 2 3 4 5 |  5.2
Polearms       | 1 2 3 4 5 |  5.2
Staves         | 1 2 3 4 5 |  5.2
Slings         | 1 2 3 4 5 |  5.2
Bows           | 1 2 3 4 5 |  5.2
Crossbows      | 1 2 3 4 5 |  5.2
Throwing       | 1 2 3 4 5 |  5.2
Armour         | 1 2 3 4 5 |  5.2
Shields        | 1 2 3 4 5 |  5.2
Unarmed Combat | 1 2 3 4 5 |  5.2
Evocations     | 1 2 3 4 5 |  5.2
Hexes          | 1 2 3 4 |  4.3
Summonings     | 1 2 3 4 |  4.3
Necromancy     | 1 2 3 4 |  4.3
Translocations | 1 2 3 4 |  4.3
Transmutations | 1 2 3 4 |  4.3
Fire Magic     | 1 2 3 4 |  4.3
Ice Magic      | 1 2 3 4 |  4.3
Earth Magic    | 1 2 3 4 |  4.3
Poison Magic   | 1 2 3 4 |  4.3
Dodging        | 5 6 7 |  7.0
Stealth        | 5 6 |  6.7
Air Magic      | 6 7 |  7.0

Action                   |  1- 3 |  4- 6 |  7- 9 | 10-12 || total
-------------------------+-------+-------+-------+-------++-------
Melee: Dagger            |    62 |     2 |    90 |   111 ||   265
       Bite              |     3 |       |    11 |    17 ||    31
       Unarmed           |     2 |       |     3 |       ||     5
       Quarterstaff      |       |    12 |    14 |       ||    26
       Punch             |       |       |     4 |     5 ||     9
 Cast: Shock             |    26 |    60 |    16 |     5 ||   107
       Static Discharge  |       |     3 |    19 |    13 ||    35
       Airstrike         |       |    14 |    81 |    25 ||   120
       Lightning Bolt    |       |       |     1 |       ||     1
Invok: Channel Magic     |       |       |       |     2 ||     2
Evoke: Wand              |       |       |     2 |       ||     2
  Use: Scroll            |       |       |     7 |       ||     7
       Potion            |       |       |     2 |     2 ||     4
 Stab: Sleeping          |     4 |       |     1 |     2 ||     7
       Distracted        |       |       |     1 |     1 ||     2
Armor: Robe              |    12 |     3 |    23 |     5 ||    43
       Skin              |       |       |     2 |       ||     2
Dodge: Dodged            |    34 |    15 |   137 |    61 ||   247
Block: Kite shield       |    41 |     3 |       |       ||    44

Table legend: (Time is in decaauts)
 A = Elapsed time spent in this place.
 B = Non-inter-level travel time spent in this place.
 C = Inter-level travel time spent in this place.
 D = Time resting spent in this place.
 E = Time spent auto-exploring this place.
 F = Levels seen in this place.
 G = Mean time per level.
                   A        B        C        D        E       F      G
               +--------+--------+--------+--------+--------+-----+--------+
         Total |  10262 |   9885 |    377 |   2046 |   6491 |   7 | 1466.0 |
       Dungeon |  10262 |   9885 |    377 |   2046 |   6491 |   7 | 1466.0 |
               +--------+--------+--------+--------+--------+-----+--------+

Top non-repeatable levels by time:
     D:5: 1949 daAuts
     D:6: 1905 daAuts
     D:7: 1648 daAuts
     D:2: 1399 daAuts
     D:4: 1323 daAuts
     D:3: 1209 daAuts
     D:1: 825 daAuts
